 Dungeon Crawl Stone Soup version 0.19.4 (webtiles) character file.

9412 Naow the Thaumaturge (level 11, -4/54 HPs)
             Began as a Deep Elf Fire Elementalist on Feb 4, 2017.
             Was an Elder of Vehumet.
             Slain by an unseen horror (7 damage)
             ... on level 11 of the Dungeon.
             The game lasted 00:25:06 (12425 turns).

Naow the Thaumaturge (Deep Elf Fire Elementalist)  Turns: 12425, Time: 00:25:07

Health: -4/54      AC:  6    Str:  5    XL:     11   Next: 22%
Magic:  38/38      EV: 25    Int: 24    God:    Vehumet [****..]
Gold:   829        SH:  0    Dex: 20    Spells: 6 memorised, 15 levels left

rFire  . . .     SeeInvis .     a - +2 dagger (venom)
rCold  . . .     Gourm    .     o - +2 robe {Archmagi}
rNeg   . . .     Faith    .     (no shield)
rPois  .         Spirit   .     P - +1 hat
rElec  .         Reflect  .     (no cloak)
rCorr  .         Harm     .     (no gloves)
MR     ++...                    O - +0 pair of boots
Stlth  +++.......               (no amulet)
                                R - ring of protection from magic
                                v - ring of magical power

@: agile
A: no striking features
a: Renounce Religion


You were on level 11 of the Dungeon.
You worshipped Vehumet.
Vehumet was greatly pleased with you.
You were not hungry.

You visited 2 branches of the dungeon, and saw 12 of its levels.

You collected 859 gold pieces.
You spent 30 gold pieces at shops.

Inventory:

Hand Weapons
 a - a +2 dagger of venom (weapon)
 x - a +1 short sword of protection
 F - a +1 dagger of electrocution
 G - the +9 quarterstaff of Patterns {holy, *Drain rF+ rN++ Int+4, unknown}
   (You found it on level 5 of the Dungeon)

   It has been blessed by the Shining One to cause great damage to the undead
   and demons.
   It affects your intelligence (+4).
   It protects you from fire.
   It greatly protects you from negative energy.
   It causes draining when unequipped.
Armour
 o - a +2 robe of the Archmagi (worn)
 D - a +2 robe
 O - a +0 pair of boots (worn)
 P - a +1 hat (worn)
Jewellery
 m - an uncursed ring of ice
 v - a ring of magical power (left hand)
 R - a ring of protection from magic (right hand)
Wands
 N - a wand of lightning (8/15)
 U - a wand of acid (7/15)
Scrolls
 d - 2 scrolls of fear
 h - a scroll of teleportation
 j - 4 scrolls of identify
 n - 2 scrolls of noise
 p - a scroll of enchant armour
 u - 4 scrolls of magic mapping
 y - 2 scrolls of amnesia
 C - 3 scrolls of random uselessness
 H - a scroll of recharging
 V - a scroll of fog
 W - a scroll of vulnerability
Potions
 e - 5 potions of curing
 f - 2 potions of agility
 g - 4 potions of haste
 k - 3 potions of heal wounds {unknown}
 r - a potion of resistance {unknown}
 t - a potion of mutation {unknown}
 w - a potion of cancellation {unknown}
 z - a potion of invisibility {unknown}
 J - 4 potions of lignification {unknown}
 K - 2 potions of cure mutation {unknown}
 T - 2 potions of flight {unknown}
Books
 b - a book of Flames

   Spells                             Type                      Level
   a - Flame Tongue                   Conjuration/Fire             1
   b - Throw Flame                    Conjuration/Fire             2
   c - Conjure Flame                  Conjuration/Fire             3
   d - Inner Flame                    Hexes/Fire                   3
   e - Sticky Flame                   Conjuration/Fire             4
   f - Fireball                       Conjuration/Fire             5
 A - a book of Misfortune

   Spells                             Type                      Level
   a - Confusing Touch                Hexes                        1
   b - Confuse                        Hexes                        3
   c - Gell's Gravitas                Hexes/Translocation          3
   d - Petrify                        Transmutation/Earth          4
   e - Metabolic Englaciation         Hexes/Ice                    5
   f - Yara's Violent Unravelling     Hexes/Transmutation          5
 S - the Collected Works on Ashen Attacks
   (You found it on level 7 of the Dungeon)

   Spells                             Type                      Level
   a - Magic Dart                     Conjuration                  1
   b - Sandblast                      Earth                        1
   c - Dazzling Spray                 Conjuration/Hexes            3
Comestibles
 c - 6 bread rations
 i - 7 beef jerkies
 l - 8 chunks of flesh
 q - 8 fruits
 B - 6 meat rations
 Q - a royal jelly
 Z - a slice of pizza


   Skills:
 + Level 9.3 Dodging
 - Level 2.4 Stealth
 + Level 12.0 Spellcasting
 + Level 10.1 Conjurations
 + Level 10.7 Fire Magic


You had 15 spell levels left.
You knew the following spells:

 Your Spells              Type           Power        Failure   Level  Hunger
a - Flame Tongue          Conj/Fire      #####        1%          1    None
b - Throw Flame           Conj/Fire      ######       1%          2    None
c - Conjure Flame         Conj/Fire      #######.     1%          3    None
d - Sticky Flame          Conj/Fire      #######.     1%          4    None
e - Fireball              Conj/Fire      #######...   1%          5    ###....
f - Iskenderun's Mystic   Conj           #######.     1%          4    None


Dungeon Overview and Level Annotations

Branches:
Dungeon (11/15)            Temple (1/1) D:5             Orc (0/2) D:9
   Lair: D:8-11

Altars:
Ashenzari
Cheibriados
Dithmenos
Elyvilon
Fedhas
Gozag
Hepliaklqana
Makhleb
Nemelex Xobeh
Okawaru
Qazlal
Ru
Sif Muna
Uskayaw
Vehumet
Xom

Shops:
D:4 (:*!   D:10 (

Annotations:
D:6 Dowan, Duvessa
D:8 Gastronok


Message History

Okay, then.
Okay, then.
The komodo dragon bites you!
* * * LOW HITPOINT WARNING * * *
The iguana completely misses you.
Found a scroll of identify.
You feel better.
As you read the scroll of teleportation, it crumbles to dust.
You feel strangely unstable. The iguana closely misses you.
The elephant closely misses you. The elephant barely misses you.
Your surroundings suddenly seem different.
Found a stone staircase leading down.
You see here a leather armour.
Something hits you.
* * * LOW HITPOINT WARNING * * *
Deactivating autopickup; reactivate with Ctrl-A.
It was a potion of agility.
You feel agile all of a sudden. Something hits you!
You die...

....)..<รท..........
##.)####.........#
#...[.....#
#.....?...#
#.........#
#.........#
#...[.....#
#.........#
#.....@...#
#.........#
#.........#
.............
#####........>..
#.........##
#.........#
#.........#


There were no monsters in sight!

Vanquished Creatures
  Nergalle (D:10)
  Psyche (D:8)
  A centaur skeleton (D:10)
  A troll (D:9)
  A hippogriff (D:9)
  A wraith (D:10)
  11 yaks
  Grum (D:8)
  The ghost of Naow the Shield-Bearer, an amateur DEFE (D:4)
  2 water moccasins
  An ice beast (D:5)
  A black bear (D:7)
  6 orc warriors
  A sky beast (D:7)
  8 ogres
  4 wolves
  A phantom (D:10)
  5 centaurs
  A big kobold (D:4)
  A crocodile (D:9)
  6 bullfrogs
  Blork the orc (D:6)
  2 scorpions
  8 killer bees
  A howler monkey (D:6)
  9 wights
  5 crimson imps
  A bullfrog zombie (D:8)
  6 orc priests
  7 hounds
  4 jellies
  Jessica (D:2)
  8 bullfrog skeletons
  12 orc wizards
  10 worker ants
  5 iguanas
  3 hound zombies
  A gnoll (D:5)
  14 adders
  4 shadow imps
  An adder skeleton (D:6)
  5 worms
  2 dart slugs
  8 leopard geckos
  41 orcs
  2 ball pythons
  5 bats
  10 giant cockroaches
  7 goblins
  6 hobgoblins
  14 jackals
  8 quokkas
  4 frilled lizards
  A giant cockroach zombie (D:5)
  9 kobolds
  A quokka skeleton (D:4)
  7 rats
289 creatures vanquished.

Vanquished Creatures (others)
  A frilled lizard (D:5)
1 creature vanquished.

Grand Total: 290 creatures vanquished

Notes
Turn   | Place    | Note
-------+----------+-------------------------------------------
     0 | D:1      | Naow the Deep Elf Fire Elementalist began the quest for the Orb.
     0 | D:1      | Reached XP level 1. HP: 10/10 MP: 6/6
   328 | D:1      | Reached XP level 2. HP: 15/15 MP: 5/8
   939 | D:2      | Learned a level 2 spell: Throw Flame
  1077 | D:2      | Noticed Jessica
  1102 | D:2      | Reached XP level 3. HP: 19/19 MP: 3/10
  1104 | D:2      | Killed Jessica
  1104 | D:2      | Reached skill level 4 in Spellcasting
  1265 | D:2      | Found a white marble altar of Elyvilon.
  1500 | D:2      | Found a faded altar of an unknown god.
  1505 | D:2      | Reached XP level 4. HP: 24/24 MP: 4/12
  1572 | D:2      | Learned a level 3 spell: Conjure Flame
  1577 | D:2      | Learned a level 4 spell: Sticky Flame
  1926 | D:3      | Found an iron altar of Okawaru.
  2026 | D:3      | Found a deep blue altar of Sif Muna.
  2176 | D:3      | Noticed an ogre
  2187 | D:3      | Killed an ogre
  2187 | D:3      | Reached skill level 5 in Spellcasting
  2187 | D:3      | Reached XP level 5. HP: 28/28 MP: 5/14
  2685 | D:3      | Reached skill level 5 in Fire Magic
  3012 | D:4      | Reached XP level 6. HP: 21/32 MP: 16/16
  3147 | D:4      | Found a shadowy altar of Dithmenos.
  3154 | D:4      | Learned a level 5 spell: Fireball
  3304 | D:4      | Reached skill level 6 in Spellcasting
  3407 | D:4      | Found Jaon's Assorted Antiques.
  3433 | D:4      | Noticed Naow's ghost (amateur DEFE)
  3436 | D:4      | Killed Naow's ghost
  3436 | D:4      | Reached XP level 7. HP: 36/36 MP: 18/18
  3498 | D:4      | Found Yxtuthri's Distillery.
  3501 | D:4      | Bought a potion of curing for 30 gold pieces
  3652 | D:4      | Found a burning altar of Makhleb.
  3767 | D:4      | Found Etiyb's Book Shop.
  3801 | D:4      | Found Kysapsou's Antique Weapon Boutique.
  3885 | D:5      | Entered Level 5 of the Dungeon
  3892 | D:4      | Reached skill level 5 in Conjurations
  4156 | D:5      | Reached skill level 7 in Spellcasting
  4472 | D:5      | Got a blackened quarterstaff
  4511 | D:5      | Reached XP level 8. HP: 35/41 MP: 11/21
  5048 | D:5      | Found a staircase to the Ecumenical Temple.
  5097 | D:5      | Found a snail-covered altar of Cheibriados.
  5152 | Temple   | Entered the Ecumenical Temple
  5174 | Temple   | Became a worshipper of Vehumet
  5788 | D:6      | Reached skill level 8 in Spellcasting
  5820 | D:6      | Noticed Blork the orc
  5835 | D:6      | Killed Blork the orc
  5912 | D:6      | Noticed Duvessa
  5914 | D:6      | Noticed Dowan
  6094 | D:6      | Found a blossoming altar of Fedhas.
  6532 | D:6      | Reached skill level 5 in Dodging
  6737 | D:7      | Reached * piety under Vehumet
  6737 | D:7      | Offered knowledge of Sandblast by Vehumet.
  6741 | D:7      | Reached XP level 9. HP: 45/45 MP: 23/23
  6799 | D:7      | Found a shattered altar of Ashenzari.
  6814 | D:7      | Identified the Collected Works on Ashen Attacks
  6852 | D:7      | Reached skill level 9 in Spellcasting
  7600 | D:8      | Noticed Psyche
  7607 | D:8      | Killed Psyche
  7838 | D:8      | Noticed Grum
  7867 | D:7      | Reached skill level 10 in Spellcasting
  8111 | D:8      | Found a sparkling altar of Nemelex Xobeh.
  8368 | D:8      | Reached ** piety under Vehumet
  8368 | D:8      | Offered knowledge of Freeze by Vehumet.
  8368 | D:8      | Reached XP level 10. HP: 46/50 MP: 26/26
  8448 | D:8      | Noticed Gastronok
  8470 | D:8      | Found a hide-covered altar of Uskayaw.
  8470 | D:8      | Found a sacrificial altar of Ru.
  9006 | D:8      | Killed Grum
 10051 | D:9      | Found a staircase to the Orcish Mines.
 10083 | D:9      | Found an opulent altar of Gozag.
 10167 | D:9      | Offered knowledge of Ignite Poison by Vehumet.
 10178 | D:9      | Reached skill level 11 in Spellcasting
 10505 | D:9      | Reached *** piety under Vehumet
 10663 | D:10     | Entered Level 10 of the Dungeon
 10761 | D:10     | Reached skill level 10 in Fire Magic
 10874 | D:10     | Found Dysiwn's Weapon Shoppe.
 11077 | D:10     | Offered knowledge of Iskenderun's Mystic Blast by Vehumet.
 11133 | D:10     | Learned a level 4 spell: Iskenderun's Mystic Blast
 11600 | D:10     | Reached XP level 11. HP: 39/54 MP: 28/28
 11917 | D:10     | Noticed Nergalle
 11920 | D:10     | Killed Nergalle
 11920 | D:10     | Reached skill level 10 in Conjurations
 12272 | D:10     | Reached **** piety under Vehumet
 12337 | D:10     | Reached skill level 12 in Spellcasting
 12416 | D:11     | HP: 1/54 [komodo dragon (17)]
 12425 | D:11     | Slain by an unseen horror

Skill      XL: |  1  2  3  4  5  6  7  8  9 10 11 |
---------------+----------------------------------+-----
Spellcasting   | 4 5 6 7 8 10 11 12 | 12.0
Conjurations   | 2 3 4 5 7 8 9 10 | 10.1
Fire Magic     | 4 5 6 7 9 10 | 10.7
Dodging        | 5 7 8 9 |  9.3
Stealth        | |  2.4

Action                   |  1- 3 |  4- 6 |  7- 9 | 10-12 || total
-------------------------+-------+-------+-------+-------++-------
Melee: Dagger            |       |       |    89 |    72 ||   161
 Cast: Flame Tongue      |    48 |    94 |   270 |   141 ||   553
       Throw Flame       |     3 |     3 |    13 |    25 ||    44
       Sticky Flame      |       |     1 |    24 |    21 ||    46
       Fireball          |       |       |     1 |    26 ||    27
  Use: Scroll            |       |       |       |    16 ||    16
       Potion            |       |       |       |     2 ||     2
  Eat: Chunk             |     2 |     6 |    15 |    16 ||    39
       Beef jerky        |       |       |     1 |       ||     1
Armor: Robe              |     4 |     7 |    28 |    18 ||    57
Dodge: Dodged            |    12 |    29 |   142 |   109 ||   292
